 Dungeon Crawl Stone Soup version 0.27.1-33-g824d729ab1 (webtiles) character file.

Game seed: 10338053185832320540

296 Holzbalken the Chopper (level 6, -6/44 HPs)
             Began as a Demonspawn Gladiator on Dec 14, 2021.
             Was an Initiate of Qazlal.
             Mangled by a two-headed ogre (15 damage)
             ... on level 4 of the Dungeon.
             The game lasted 00:08:37 (4941 turns).

Holzbalken the Chopper (Demonspawn Gladiator)       Turns: 4941, Time: 00:08:38

Health: -6/44      AC:  7    Str: 16    XL:     6   Next: 12%
Magic:  15/15      EV: 12    Int: 10    God:    Qazlal [......]
Gold:   114        SH:  0    Dex: 14    Spells: 5/5 levels left

rFire    . . .     SeeInvis .   a - +0 war axe
rCold    . . .     Faith    .   (no shield)
rNeg     . . .     Spirit   .   o - +3 leather armour
rPois    .         Reflect  .   c - +0 helmet
rElec    .         Harm     .   (no cloak)
rCorr    .         Rampage  .   (no gloves)
Will     .....                  (no boots)
Stlth    +.........             (no amulet)
HPRegen  0.14/turn              h - ring of magical power
MPRegen  0.14/turn              (no ring)

@: no status effects
A: claws 1, demonic guardian 1, powered by pain 1
a: Renounce Religion


You were on level 4 of the Dungeon.
You worshipped Qazlal.
Qazlal was noncommittal.
You visited 2 branches of the dungeon, and saw 5 of its levels.

You collected 114 gold pieces.

Inventory:

Hand Weapons
 a - a +0 war axe (weapon)
 l - a +3 scythe of distortion
Missiles
 d - 3 throwing nets (quivered)
Armour
 c - a +0 helmet (worn)
 g - a +0 ring mail
 o - a +3 leather armour (worn)
Jewellery
 h - a ring of magical power (left claw)
 k - a ring of ice
Wands
 n - a wand of charming (9)
Scrolls
 b - a scroll of blinking {unknown}
 i - a scroll of teleportation {unknown}
 j - 2 scrolls of identify {unknown}
 m - 2 scrolls of immolation {unknown}
Potions
 e - 2 potions of haste {unknown}
 f - a potion of lignification {unknown}


   Skills:
 - Level 2.0 Fighting
 + Level 6.3 Axes
 - Level 1.7 Throwing
 - Level 2.6 Dodging


You had 5 spell levels left.
You didn't know any spells.
Your spell library contained the following spells:

 Spells                   Type           Power      Damage    Failure   Level
 Blink                    Tloc           N/A        N/A       56%         2
 Conjure Flame            Conj/Fire      0%         6-21      80%         3
 Gell's Gravitas          Tloc           0%         N/A       80%         3
 Ignite Poison            Fire/Tmut/Pois 0%         N/A       80%         3
 Lesser Beckoning         Tloc           0%         N/A       80%         3
 Teleport Other           Tloc           0%         N/A       80%         3
 Sticky Flame             Conj/Fire      0%         2d3       99%         4
 Manifold Assault         Tloc           0%         N/A       100%        5
 Dispersal                Tloc           0%         N/A       100%        6


Dungeon Overview and Level Annotations

Branches:
Dungeon (4/15)             Temple (1/1) D:4

Altars:
Ashenzari
Cheibriados
Dithmenos
Elyvilon
Hepliaklqana
Makhleb
Nemelex Xobeh
Qazlal
Sif Muna
Trog
Uskayaw
Vehumet
Wu Jian
Xom
Zin
The Shining One

Annotations:
D:3 1 runed translucent door, Garessta's ghost, weakling SpEn


Innate Abilities, Weirdness & Mutations

You have sharp fingernails.
A weak demonic guardian rushes to your aid.
You sometimes gain a little power by taking damage.


Message History

There is an open door here.
You hit the adder.
The adder is moderately wounded.
The adder bites you. The adder closely misses you.
You miss the adder.
The adder is moderately wounded.
The adder bites you.
* * * LOW HITPOINT WARNING * * *
You miss the adder.
The adder is moderately wounded.
The adder misses you. The adder closely misses you.
You barely miss the adder.
The adder is moderately wounded.
The adder bites you but does no damage.
You barely miss the adder.
The adder is moderately wounded.
The adder barely misses you. The adder bites you but does no damage.
You slash the adder!
You kill the adder!
Qazlal accepts your kill.
You see here an adder corpse.
You start resting.
HP restored.
There is an open door here.
A two-headed ogre comes into view.
It is wielding a +0 giant spiked club and a +0 dire flail.
The two-headed ogre shouts in stereo!
You hit the two-headed ogre.
The two-headed ogre is lightly wounded.
The two-headed ogre barely misses you.
The two-headed ogre hits you with a +0 dire flail.
An endoplasm comes into view.
You hit the two-headed ogre.
The two-headed ogre is lightly wounded.
The two-headed ogre hits you with a +0 giant spiked club!!
The two-headed ogre hits you with a +0 dire flail!
* * * LOW HITPOINT WARNING * * *
You barely miss the two-headed ogre.
The two-headed ogre is lightly wounded.
The two-headed ogre hits you with a +0 giant spiked club!
You die...

#.........#
####.........###
..#.........+.. .
#.#.........### ...
#.#.........###
....#####..............
..............>.....###
##.##...#..........# #
#@..#..........###
......O...##.##########.
..........##..#########.
..........+.....)..S....
##........###..#######..
.....J....#..........#..
..........#..........#..
..........#..........#..
#..........#.#


You could see a two-headed ogre and an endoplasm.

Vanquished Creatures
  A water moccasin skeleton (D:4)
  An orc priest (D:4)
  An iguana (D:4)
  An orc wizard (D:4)
  10 adders
  A worm (D:2)
  3 dart slugs
  8 orcs
  6 ball pythons
  2 endoplasms
  3 hobgoblins
  3 quokkas
  3 bats
  3 frilled lizards
  10 goblins
  9 kobolds
  4 rats
69 creatures vanquished.

Notes
Turn   | Place    | Note
-------+----------+-------------------------------------------
     0 | D:1      | Holzbalken the Demonspawn Gladiator began the quest for the
                  | Orb.
     0 | D:1      | Reached XP level 1. HP: 16/16 MP: 1/1
   206 | D:1      | Reached skill level 3 in Axes
   518 | D:1      | Found a faded altar of an unknown god.
   573 | D:1      | Gained mutation: You have sharp fingernails. [demonic
                  | ancestry]
   573 | D:1      | Reached XP level 2. HP: 22/22 MP: 2/2
  1389 | D:2      | Reached XP level 3. HP: 23/27 MP: 3/3
  1457 | D:2      | Reached skill level 4 in Axes
  2097 | D:2      | Gained mutation: You sometimes gain a little power by
                  | taking damage. [demonic ancestry]
  2097 | D:2      | Reached XP level 4. HP: 25/33 MP: 4/4
  2808 | D:3      | Found a runed translucent door.
  2808 | D:3      | Noticed a bullfrog
  3008 | D:3      | Noticed Garessta's ghost (weakling SpEn)
  3085 | D:3      | Reached skill level 5 in Axes
  3791 | D:4      | Reached XP level 5. HP: 4/38 MP: 5/5
  4100 | D:4      | Found a staircase to the Ecumenical Temple.
  4107 | Temple   | Entered the Ecumenical Temple
  4265 | Temple   | Became a worshipper of Qazlal Stormbringer
  4438 | D:4      | Reached skill level 6 in Axes
  4617 | D:4      | Gained mutation: A weak demonic guardian rushes to your
                  | aid. [demonic ancestry]
  4617 | D:4      | Reached XP level 6. HP: 15/44 MP: 6/6
  4938 | D:4      | Noticed a two-headed ogre
  4941 | D:4      | Mangled by a two-headed ogre

Illustrated notes

Levels and vault maps discovered:
D:1:      saegor_arrival_under_anarchy, layout_basic,
          shapermc_ecumenical_altar_mp_highgroup, minmay_crystal_water,
          hangedman_abyss_or_decor_lesser_grid, kennysheep_nondescript
D:2:      layout_basic, kennysheep_generic_room_6
D:3:      layout_rooms, serial_aquarium, aquarium_bridge_square
          [aquarium_subvault_bridge, aquarium_subvault_window,
          aquarium_subvault_window, aquarium_subvault_window],
          aquarium_window_double, aquarium_window_1, aquarium_window_2,
          aquarium_window_1, aquarium_view_2b, aquarium_view_2d,
          ebering_ghost_sewer_d
D:4:      layout_basic, minmay_temple_entry_statues_fountains,
          nicolae_inconvenience_store
Temple:   regret_index_temple_sphere_string

Skill      XL: |  1  2  3  4  5 |
---------------+----------------+-----
Axes           | 3 4 5 6 |  6.3
Fighting       | |  2.0
Throwing       | |  1.7
Dodging        | |  2.6

Action                   |  1- 3 |  4- 6 || total
-------------------------+-------+-------++-------
Melee: War axe           |   118 |   153 ||   271
 Stab: Sleeping          |     2 |       ||     2
Armor: Leather armour    |     7 |    27 ||    34
       Ring mail         |    46 |    40 ||    86
Dodge: Dodged            |    74 |    95 ||   169
